Map: Golden Wall LE

Players

INnoVation

  • Race: Terran Terran
  • League: Master
  • Spawn Location: 7:00

Solar - Winner!

  • Race: Zerg Zerg
  • League: Master
  • Spawn Location: 5:00

Event: StayAtHomestory Cup #2

VOD

Have the link to the VOD?

Description

Time

  • Played on: June 13, 2020, 3:52 p.m.
  • Length: 11:42

All games in this series

Show
View Real Time Build Order
Export as new Build Order

INnoVation Terran 

Build Orders: 2/1/1, 2/1/1 Double medivac steam drop, Reaper Expand 

Get SALT Encoding   

  12  0:00  SCV  
  13  0:12  SCV  
  14  0:17  Supply Depot  
  14  0:24  SCV  
  15  0:39  SCV  
  15  0:41  Barracks  
  16  0:43  Refinery  
  16  0:51  SCV  
  17  1:03  SCV  
  18  1:15  SCV  
  19  1:27  Reaper  
  19  1:28  Orbital Command  
  20  1:40  Command Center  
  20  1:53  SCV  
  21  1:55  Barracks  
  21  2:00  Barracks Reactor  
  21  2:05  SCV  
  22  2:09  Supply Depot  
  22  2:17  SCV  
  22  2:18  Refinery  
  23  2:28  Factory  
  23  2:39  SCV  
  23  2:41  Marine x2  
  23  2:43  Barracks Tech Lab  
  26  2:51  SCV  
  27  2:52  Orbital Command  
  27  3:02  Stimpack  
  27  3:04  SCV  
  28  3:06  Marine x3  
  31  3:15  Starport  
  31  3:18  SCV  
  31  3:19  SCV  
  33  3:24  Factory Reactor  
  33  3:25  Marine  
  33  3:26  Marine  
  35  3:27  Marine  
  35  3:31  SCV  
  35  3:33  SCV  
  38  3:41  Supply Depot  
  38  3:43  Marine  
  38  3:44  Marine  
  38  3:45  SCV, Marine  
  38  3:46  SCV  
  43  3:55  Supply Depot  
  43  3:57  SCV  
  43  3:58  SCV  
  45  4:03  Medivac x2  
  45  4:06  Marine x2  
  45  4:09  Marine  
  52  4:13  Engineering Bay  
  52  4:14  SCV  
  52  4:16  SCV  
  54  4:22  Supply Depot  
  54  4:25  Marine  
  54  4:26  Marine x2  
  54  4:27  SCV  
  54  4:28  SCV  
  59  4:34  Engineering Bay  
  59  4:40  Refinery x2  
  59  4:44  Marine x3  
  60  4:52  Factory Tech Lab  
  60  4:53  SCV x2  
  60  4:54  Terran Infantry Weapons Level 1  
  62  5:01  Supply Depot, Terran Infantry Armor Level 1  
  62  5:05  SCV  
  64  5:08  Marine x3  
  64  5:12  Barracks  
  64  5:13  Siege Tank  
  69  5:23  Starport Reactor  
  69  5:25  SCV x2, Supply Depot  
  69  5:27  Marine x3  
  74  5:37  SCV x2  
  76  5:43  Combat Shield  
  76  5:45  Marine x2  
  76  5:46  Marine  
  76  5:47  Siege Tank  
  76  5:48  Supply Depot  
  82  5:52  Supply Depot  
  82  5:53  SCV x2  
  84  6:01  Medivac  
  86  6:09  Marine x5  
  86  6:10  Medivac  
  93  6:14  SCV x2, Supply Depot  
  93  6:15  Supply Depot  
  95  6:19  Siege Tank  
  98  6:27  Armory  
  98  6:33  Marine x4  
  98  6:36  Marine  
  98  6:38  Medivac  
  105  6:40  Medivac  
  105  6:43  Supply Depot  
  107  6:51  Siege Tank  
  107  6:53  Supply Depot  
  110  7:00  Marine x3  
  110  7:01  Marine x2  
  113  7:08  Medivac  
  113  7:09  Medivac  
  117  7:18  Terran Infantry Weapons Level 2  
  117  7:21  Marine  
  117  7:22  Supply Depot, Marine x3  
  109  7:31  Siege Tank  
  109  7:33  Marine  
  113  7:39  Marine x2  
  113  7:43  Terran Infantry Armor Level 2  
  115  7:45  Marine  
  115  7:49  Marine  
  115  7:51  Marine  
  118  7:57  Marine x2  
  120  8:05  Command Center  
  120  8:07  Siege Tank  
  120  8:12  Marine x3  
  126  8:15  Marine x2  
  128  8:26  Medivac x2  
  132  8:31  Marine x2  
  132  8:32  Marine  
  132  8:33  Marine x2  
  132  8:34  Supply Depot  
  135  8:39  Siege Tank  
  138  8:49  Marine x3  
  138  8:51  Marine  
  138  8:52  SCV  
  138  8:53  SCV, Supply Depot  
  142  8:56  Medivac  
  142  8:59  Medivac  
  146  9:08  Marine x4  
  150  9:11  Marine  
  111  9:27  Marine x4  
  111  9:28  Siege Tank  
  111  9:29  Marine  
  119  9:45  Marine x4  
  121  9:47  Marine  
  121  9:48  Liberator  
  121  9:49  Liberator  
  129  9:57  Orbital Command  
  129  10:01  Siege Tank  
  129  10:03  Marine x4  
  129  10:04  Marine  
  137  10:21  Marine x4  
  136  10:22  Marine  
  136  10:23  SCV x2  
  139  10:32  Missile Turret  
  139  10:33  Siege Tank  
  140  10:39  Marine x3  
  141  10:49  Liberator x2  
  126  10:50  Marine x2  
  126  10:54  SCV x2  
  126  10:55  SCV  
  126  10:56  Marine  
  126  10:57  Marine x2  
  136  11:05  Siege Tank  
  136  11:08  Marine x2  
  141  11:14  Marine x3  
Show
View Real Time Build Order
Export as new Build Order

Solar Zerg - Winner!

Build Orders: Hatch First, Muta Ling Bane 

Get SALT Encoding   

  12  0:01  Drone  
  13  0:12  Overlord  
  13  0:17  Drone  
  14  0:31  Drone x2  
  16  0:47  Hatchery  
  15  0:51  Drone  
  15  0:55  Drone  
  17  0:58  Drone  
  18  1:08  Extractor  
  17  1:13  Spawning Pool  
  17  1:18  Drone  
  17  1:20  Drone  
  18  1:28  Drone  
  19  1:38  Drone  
  20  1:48  Overlord  
  20  2:00  Zergling x4, Queen x2  
  26  2:11  Drone x2  
  28  2:26  Hatchery  
  27  2:30  Metabolic Boost  
  27  2:33  Drone  
  27  2:36  Drone  
  29  2:42  Drone  
  29  2:47  Queen  
  29  2:50  Drone  
  32  2:54  Overlord  
  33  2:58  Drone  
  33  3:00  Drone  
  33  3:02  Drone  
  35  3:05  Drone  
  36  3:13  Drone x3  
  36  3:14  Drone  
  36  3:19  Drone  
  41  3:23  Queen  
  43  3:27  Overlord  
  43  3:30  Drone  
  44  3:37  Overlord  
  44  3:38  Queen  
  46  3:43  Drone x2  
  46  3:46  Drone  
  46  3:47  Drone  
  50  3:50  Zergling x2  
  50  3:54  Zergling x2  
  52  3:56  Drone x3  
  52  3:59  Overlord  
  55  4:03  Zergling x2  
  55  4:04  Zergling x2  
  55  4:05  Queen  
  58  4:10  Zergling x4  
  58  4:15  Drone x3  
  63  4:19  Evolution Chamber  
  63  4:20  Drone  
  63  4:21  Drone  
  64  4:24  Queen  
  64  4:27  Overlord  
  66  4:32  Zergling x8  
  66  4:33  Zergling x2  
  66  4:35  Zergling x2  
  66  4:37  Zergling x2  
  73  4:39  Overlord  
  73  4:46  Zergling x6  
  73  4:49  Zerg Ground Armor Level 1  
  73  4:50  Drone  
  73  4:51  Drone x2  
  79  4:55  Queen  
  79  4:58  Drone x2  
  83  5:00  Drone  
  83  5:05  Drone x5  
  89  5:11  Overlord  
  89  5:15  Extractor x2  
  89  5:16  Lair  
  89  5:17  Baneling Nest  
  89  5:20  Zergling x6  
  89  5:23  Drone  
  89  5:30  Overlord  
  89  5:31  Drone x3  
  89  5:32  Drone x2  
  94  5:36  Extractor  
  94  5:38  Overlord, Extractor  
  94  5:39  Overlord  
  94  5:40  Overlord  
  92  5:44  Zergling x8  
  92  5:46  Drone  
  97  5:51  Extractor  
  97  5:52  Drone  
  97  5:57  Drone x4  
  97  5:59  Overlord  
  97  6:03  Drone  
  102  6:04  Drone  
  102  6:06  Drone x2  
  102  6:09  Zergling x6  
  108  6:13  Evolution Chamber  
  108  6:16  Spire  
  108  6:17  Centrifical Hooks  
  106  6:20  Drone x2  
  106  6:21  Baneling x4  
  106  6:22  Baneling  
  106  6:24  Zergling x6  
  111  6:26  Baneling  
  111  6:28  Overlord  
  111  6:29  Drone x3  
  114  6:36  Zergling x12  
  120  6:44  Zerg Melee Weapons Level 1, Zerg Ground Armor Level 2  
  119  6:49  Overlord  
  119  6:51  Baneling x2  
  118  7:04  Hatchery  
  118  7:06  Zergling x22  
  128  7:13  Overlord  
  128  7:15  Overlord  
  114  7:28  Mutalisk x6  
  116  7:30  Mutalisk  
  116  7:35  Mutalisk  
  120  7:37  Zergling x2  
  120  7:38  Zergling x6  
  120  7:40  Drone  
  125  7:44  Baneling x2  
  125  7:46  Zergling x10  
  131  7:54  Mutalisk  
  131  7:57  Baneling x5  
  133  7:58  Zergling x4  
  133  8:00  Hatchery  
  133  8:01  Baneling x5  
  133  8:02  Overlord  
  133  8:04  Zergling x2, Baneling x2  
  133  8:05  Zergling x10  
  139  8:10  Zergling x2  
  139  8:11  Zergling x2  
  141  8:14  Zergling x2  
  141  8:16  Mutalisk  
  141  8:18  Baneling x5  
  144  8:21  Zergling x8  
  144  8:25  Baneling x5  
  148  8:29  Zergling x2  
  148  8:33  Zergling x4  
  151  8:36  Zergling x2  
  151  8:39  Mutalisk  
  153  8:41  Overlord x2  
  153  8:46  Mutalisk x2  
  156  8:50  Zergling x10  
  156  8:55  Baneling x4  
  161  8:58  Overlord  
  161  9:01  Zergling x8  
  163  9:10  Mutalisk x2  
  163  9:15  Zergling x4  
  137  9:17  Zergling x6  
  137  9:22  Mutalisk  
  135  9:26  Zergling x4  
  135  9:32  Hatchery  
  135  9:33  Baneling x4  
  135  9:35  Zergling x8  
  135  9:37  Baneling x7  
  138  9:42  Queen  
  138  9:44  Zergling x6  
  142  9:53  Zergling x18  
  151  10:00  Zergling x8  
  151  10:06  Mutalisk x2  
  159  10:08  Zergling x2  
  159  10:12  Drone  
  159  10:14  Drone  
  162  10:16  Drone  
  162  10:18  Baneling x8  
  162  10:19  Zergling x2  
  164  10:24  Zergling x8  
  164  10:27  Zergling x12  
  174  10:32  Baneling x9  
  168  10:36  Zergling x8  
  168  10:41  Mutalisk  
  171  10:46  Zergling x8  
  171  10:49  Mutalisk x2  
  147  10:51  Zergling x10  
  156  11:00  Mutalisk  
  156  11:01  Zergling x2  
  156  11:02  Zergling x10  
  164  11:09  Baneling x6  
  164  11:10  Zergling x10  
  169  11:15  Zergling x2  
  170  11:19  Zergling x4  
  170  11:23  Zergling x2  
  170  11:24  Zergling x2  
Tags
 
Add a new tag
Caveats
  • Supply blocks, unpowered buildings, or Contaminate may cause inaccurate times.
  • Supply counts are checked every 10 seconds.